3393 views
Uploaded 2020-04-22 20:17:55
Game version 1.32.3
23:15 long 2on2 ladder game on (4)HillsbradCreek
Saved by zebroni
3393 views
Uploaded 2020-04-22 20:17:55
Game version 1.32.3
23:15 long 2on2 ladder game on (4)HillsbradCreek
77 units @ 12.7k
/ 2.1k
32 buildings @ 4.5k
/ 1.6k

| Lesser Clarity Potion | 1 | 70 |
| Scroll of Regeneration | 1 | 100 |
| Scroll of Town Portal | 1 | 350 |
| total: | 3 | 520g |
| Peasant | 10 | 750 | / | 0 |
| Footman | 16 | 2160 | / | 0 |
| Knight | 11 | 2695 | / | 660 |
| Rifleman | 5 | 1025 | / | 150 |
| total: | 42 | 6630g | / | 810w |
| Altar of Kings | 1 | 180 | / | 50 |
| Farm | 12 | 960 | / | 240 |
| Barracks | 2 | 320 | / | 120 |
| Arcane Vault | 1 | 130 | / | 30 |
| Lumber Mill | 1 | 120 | / | 0 |
| Blacksmith | 1 | 140 | / | 60 |
| Keep | 1 | 320 | / | 210 |
| Castle | 1 | 360 | / | 210 |
| total: | 18 | 1850g | / | 500w |
| 0:08 | Peasant |
| 0:09 | Peasant |
| 0:16 | Altar of Kings |
| 0:19 | Farm |
| 0:28 | Barracks |
| 0:31 | Peasant |
| 0:55 | Peasant |
| 0:55 | Peasant |
| 1:10 | Farm |
| 1:34 | Peasant |
| 1:37 | Peasant |
| 1:49 | Arcane Vault |
| 1:55 | Footman |
| 1:56 | Footman |
| 2:01 | Farm |
| 2:05 | Peasant |
| 2:25 | Storm Bolt |
| 2:34 | Footman |
| 2:35 | Footman |
| 2:42 | Farm |
| 2:54 | Lumber Mill |
| 3:20 | Footman |
| 3:21 | Footman |
| 3:31 | Farm |
| 4:28 | Footman |
| 4:28 | Footman |
| 4:32 | Farm |
| 4:35 | Footman |
| 5:56 | Keep |
| 5:58 | Footman |
| 5:58 | Footman |
| 6:06 | Blacksmith |
| 6:19 | Lesser Clarity Potion |
| 6:43 | Footman |
| 6:54 | Bash |
| 7:02 | Footman |
| 7:02 | Footman |
| 9:15 | Castle |
| 9:17 | Footman |
| 9:17 | Footman |
| 9:19 | Iron Forged Swords |
| 9:20 | Iron Plating |
| 10:03 | Barracks |
| 11:01 | Steel Forged Swords |
| 11:38 | Sundering Blades |
| 11:39 | Knight |
| 11:40 | Animal War Training |
| 11:47 | Peasant |
| 11:49 | Peasant |
| 12:09 | Knight |
| 12:11 | Knight |
| 12:47 | Bash |
| 13:27 | Storm Bolt |
| 13:54 | Knight |
| 13:55 | Knight |
| 13:56 | Knight |
| 15:32 | Knight |
| 15:34 | Steel Plating |
| 15:42 | Farm |
| 17:08 | Bash |
| 17:16 | Knight |
| 17:17 | Knight |
| 17:51 | Knight |
| 18:03 | Farm |
| 18:29 | Scroll of Town Portal |
| 18:30 | Scroll of Regeneration |
| 18:48 | Farm |
| 18:57 | Knight |
| 19:51 | Rifleman |
| 19:56 | Rifleman |
| 20:22 | Rifleman |
| 20:23 | Rifleman |
| 20:33 | Farm |
| 22:05 | Rifleman |
| 22:10 | Farm |
| 22:27 | Avatar |
| 23:03 | Farm |

| Staff of Preservation | 1 | 150 |
| Potion of Healing | 3 | 450 |
| Lesser Clarity Potion | 3 | 210 |
| Scroll of Town Portal | 1 | 350 |
| total: | 8 | 1160g |
| Wisp | 13 | 780 | / | 0 |
| Archer | 9 | 1170 | / | 90 |
| Mountain Giant | 11 | 3850 | / | 1100 |
| Dryad | 2 | 290 | / | 120 |
| total: | 35 | 6090g | / | 1310w |
| Altar of Elders | 1 | 180 | / | 50 |
| Moon Well | 6 | 1080 | / | 240 |
| Ancient of War | 1 | 150 | / | 60 |
| Hunter's Hall | 1 | 210 | / | 100 |
| Ancient of Wonders | 1 | 90 | / | 30 |
| Tree of Life | 2 | 680 | / | 370 |
| Ancient of Lore | 2 | 310 | / | 290 |
| Tree of Ages | 1 | 320 | / | 180 |
| Tree of Eternity | 1 | 330 | / | 200 |
| total: | 14 | 2700g | / | 1140w |
| 0:03 | Wisp |
| 0:03 | Wisp |
| 0:09 | Altar of Elders |
| 0:19 | Moon Well |
| 0:22 | Wisp |
| 0:34 | Wisp |
| 0:34 | Wisp |
| 0:37 | Wisp |
| 0:50 | Wisp |
| 1:25 | Ancient of War |
| 1:31 | Wisp |
| 1:44 | Moon Well |
| 1:49 | Wisp |
| 2:03 | Wisp |
| 2:12 | Entangling Roots |
| 2:24 | Wisp |
| 2:24 | Wisp |
| 2:59 | Tree of Ages |
| 3:02 | Hunter's Hall |
| 3:03 | Archer |
| 3:07 | Archer |
| 3:21 | Archer |
| 3:46 | Archer |
| 3:46 | Archer |
| 4:10 | Archer |
| 4:25 | Ultravision |
| 4:28 | Moon Well |
| 4:31 | Ancient of Wonders |
| 4:57 | Archer |
| 4:57 | Archer |
| 5:35 | Archer |
| 5:50 | Moon Well |
| 5:54 | Ancient of Lore |
| 5:57 | Ancient of Lore |
| 6:12 | Wisp |
| 6:40 | Tree of Eternity |
| 6:47 | Force of Nature |
| 7:20 | Mountain Giant |
| 7:45 | Mountain Giant |
| 8:28 | Mountain Giant |
| 8:43 | Entangling Roots |
| 8:43 | Force of Nature |
| 9:13 | Hardened Skin |
| 9:13 | Resistant Skin |
| 9:17 | Reinforced Hides |
| 9:26 | Moon Well |
| 10:00 | Mountain Giant |
| 10:30 | Mountain Giant |
| 10:54 | Staff of Preservation |
| 10:55 | Potion of Healing |
| 10:56 | Lesser Clarity Potion |
| 11:21 | Moon Well |
| 11:56 | Improved Reinforced Hides |
| 12:35 | Mountain Giant |
| 13:25 | Entangling Roots |
| 13:28 | Mountain Giant |
| 15:41 | Tranquility |
| 16:11 | Advanced Reinforced Hides |
| 17:09 | Mountain Giant |
| 17:37 | Mountain Giant |
| 17:51 | Lesser Clarity Potion |
| 17:53 | Potion of Healing |
| 18:31 | Tree of Life |
| 19:00 | Well Spring |
| 19:17 | Scroll of Town Portal |
| 19:21 | Mountain Giant |
| 19:57 | Tree of Life |
| 20:10 | Lesser Clarity Potion |
| 20:10 | Potion of Healing |
| 20:34 | Abolish Magic |
| 20:34 | Dryad |
| 21:12 | Dryad |
| 22:28 | Mountain Giant |
108 units @ 17.3k
/ 2.3k
45 buildings @ 4.4k
/ 1.7k


| Scroll of Regeneration | 3 | 300 |
| Lesser Clarity Potion | 3 | 210 |
| Potion of Mana | 2 | 400 |
| Potion of Healing | 2 | 300 |
| Scroll of Town Portal | 2 | 700 |
| Scroll of Healing | 1 | 250 |
| Potion of Lesser Invulnerability | 1 | 150 |
| total: | 14 | 2310g |
| Peasant | 17 | 1275 | / | 0 |
| Footman | 13 | 1755 | / | 0 |
| Knight | 18 | 4410 | / | 1080 |
| Gryphon Rider | 7 | 1960 | / | 490 |
| total: | 55 | 9400g | / | 1570w |
| Scout Tower | 5 | 150 | / | 100 |
| Arcane Tower | 1 | 70 | / | 50 |
| Altar of Kings | 1 | 180 | / | 50 |
| Barracks | 2 | 320 | / | 120 |
| Farm | 11 | 880 | / | 220 |
| Town Hall | 1 | 385 | / | 205 |
| Arcane Vault | 1 | 130 | / | 30 |
| Blacksmith | 1 | 140 | / | 60 |
| Lumber Mill | 1 | 120 | / | 0 |
| Gryphon Aviary | 1 | 140 | / | 150 |
| Keep | 1 | 320 | / | 210 |
| Castle | 1 | 360 | / | 210 |
| total: | 24 | 2445g | / | 935w |
| 0:08 | Altar of Kings |
| 0:09 | Peasant |
| 0:09 | Peasant |
| 0:15 | Peasant |
| 0:27 | Barracks |
| 0:36 | Peasant |
| 0:41 | Farm |
| 0:56 | Farm |
| 1:00 | Peasant |
| 1:12 | Peasant |
| 1:28 | Footman |
| 1:34 | Peasant |
| 1:35 | Peasant |
| 1:50 | Footman |
| 2:01 | Footman |
| 2:10 | Farm |
| 2:13 | Scout Tower |
| 2:31 | Storm Bolt |
| 3:03 | Footman |
| 3:04 | Footman |
| 3:41 | Town Hall |
| 4:02 | Footman |
| 4:03 | Footman |
| 4:04 | Arcane Tower |
| 4:22 | Bash |
| 4:27 | Peasant |
| 5:45 | Peasant |
| 5:45 | Peasant |
| 5:45 | Peasant |
| 5:45 | Peasant |
| 5:47 | Footman |
| 5:47 | Footman |
| 5:47 | Footman |
| 6:00 | Arcane Vault |
| 6:04 | Blacksmith |
| 6:07 | Peasant |
| 6:08 | Peasant |
| 6:31 | Storm Bolt |
| 6:46 | Keep |
| 6:56 | Lumber Mill |
| 7:51 | Barracks |
| 7:53 | Peasant |
| 7:53 | Peasant |
| 8:46 | Farm |
| 8:47 | Farm |
| 8:48 | Farm |
| 8:49 | Farm |
| 8:53 | Scroll of Regeneration |
| 8:54 | Lesser Clarity Potion |
| 9:00 | Scroll of Regeneration |
| 9:00 | Lesser Clarity Potion |
| 9:03 | Iron Forged Swords |
| 9:03 | Iron Plating |
| 9:06 | Footman |
| 9:12 | Gryphon Aviary |
| 9:23 | Scout Tower |
| 9:23 | Scout Tower |
| 9:24 | Scout Tower |
| 9:24 | Scout Tower |
| 9:37 | Castle |
| 9:43 | Scroll of Town Portal |
| 9:45 | Potion of Mana |
| 10:34 | Footman |
| 10:34 | Footman |
| 10:37 | Steel Forged Swords |
| 10:41 | Bash |
| 11:32 | Steel Plating |
| 11:36 | Siphon Mana |
| 12:01 | Knight |
| 12:01 | Knight |
| 12:06 | Knight |
| 12:07 | Knight |
| 12:07 | Sundering Blades |
| 13:02 | Knight |
| 13:02 | Knight |
| 13:03 | Animal War Training |
| 13:05 | Mithril Forged Swords |
| 13:38 | Knight |
| 14:01 | Knight |
| 14:01 | Knight |
| 14:01 | Knight |
| 14:02 | Knight |
| 14:05 | Mithril Plating |
| 14:30 | Potion of Healing |
| 14:56 | Potion of Healing |
| 16:11 | Knight |
| 16:12 | Knight |
| 16:12 | Knight |
| 16:14 | Knight |
| 16:14 | Knight |
| 17:43 | Flame Strike |
| 18:01 | Knight |
| 18:04 | Knight |
| 18:07 | Gryphon Rider |
| 18:08 | Gryphon Rider |
| 18:08 | Gryphon Rider |
| 18:08 | Gryphon Rider |
| 18:11 | Black Gunpowder |
| 18:15 | Scroll of Town Portal |
| 18:15 | Potion of Mana |
| 18:19 | Lesser Clarity Potion |
| 18:47 | Farm |
| 18:48 | Farm |
| 18:48 | Farm |
| 18:49 | Farm |
| 19:28 | Gryphon Rider |
| 19:29 | Storm Hammers |
| 19:32 | Refined Gunpowder |
| 20:01 | Scroll of Regeneration |
| 20:21 | Gryphon Rider |
| 20:48 | Scroll of Healing |
| 20:51 | Potion of Lesser Invulnerability |
| 22:31 | Storm Bolt |
| 23:14 | Gryphon Rider |


| Potion of Healing | 1 | 150 |
| Scroll of Regeneration | 1 | 100 |
| Scroll of Town Portal | 3 | 1050 |
| Potion of Lesser Invulnerability | 1 | 150 |
| total: | 6 | 1450g |
| Peasant | 7 | 525 | / | 0 |
| Footman | 17 | 2295 | / | 0 |
| Priest | 12 | 1620 | / | 120 |
| Sorceress | 6 | 930 | / | 120 |
| Knight | 6 | 1470 | / | 360 |
| Spell Breaker | 5 | 1075 | / | 150 |
| total: | 53 | 7915g | / | 750w |
| Scout Tower | 3 | 90 | / | 60 |
| Arcane Tower | 3 | 210 | / | 150 |
| Barracks | 1 | 160 | / | 60 |
| Altar of Kings | 1 | 180 | / | 50 |
| Farm | 11 | 880 | / | 220 |
| Lumber Mill | 1 | 120 | / | 0 |
| Blacksmith | 1 | 140 | / | 60 |
| Arcane Vault | 1 | 130 | / | 30 |
| Arcane Sanctum | 2 | 300 | / | 280 |
| Keep | 1 | 320 | / | 210 |
| Castle | 1 | 360 | / | 210 |
| total: | 21 | 2000g | / | 760w |
| 0:02 | Peasant |
| 0:10 | Barracks |
| 0:16 | Peasant |
| 0:19 | Altar of Kings |
| 0:26 | Peasant |
| 0:35 | Farm |
| 0:46 | Peasant |
| 0:49 | Farm |
| 1:07 | Peasant |
| 1:15 | Footman |
| 1:28 | Peasant |
| 1:38 | Scout Tower |
| 1:41 | Scout Tower |
| 1:47 | Footman |
| 1:57 | Peasant |
| 2:10 | Arcane Tower |
| 2:19 | Farm |
| 2:25 | Storm Bolt |
| 2:31 | Arcane Tower |
| 2:38 | Footman |
| 2:48 | Footman |
| 3:00 | Footman |
| 3:10 | Footman |
| 3:13 | Scout Tower |
| 3:22 | Footman |
| 3:31 | Keep |
| 3:40 | Footman |
| 3:51 | Arcane Tower |
| 4:07 | Footman |
| 4:09 | Footman |
| 4:40 | Farm |
| 5:28 | Bash |
| 5:31 | Footman |
| 5:34 | Farm |
| 5:37 | Footman |
| 6:00 | Arcane Sanctum |
| 6:04 | Arcane Sanctum |
| 6:17 | Farm |
| 6:37 | Footman |
| 6:48 | Lumber Mill |
| 6:59 | Summon Water Elemental |
| 7:03 | Footman |
| 7:48 | Priest |
| 7:48 | Priest |
| 8:02 | Storm Bolt |
| 8:29 | Footman |
| 8:29 | Footman |
| 8:51 | Priest |
| 9:00 | Blacksmith |
| 9:10 | Footman |
| 9:18 | Priest Adept Training |
| 9:24 | Priest |
| 9:42 | Priest |
| 10:11 | Priest |
| 10:19 | Priest |
| 10:26 | Brilliance Aura |
| 10:40 | Arcane Vault |
| 10:59 | Castle |
| 11:06 | Black Gunpowder |
| 11:47 | Sorceress |
| 11:49 | Sorceress |
| 11:54 | Farm |
| 11:57 | Farm |
| 11:59 | Farm |
| 12:21 | Scroll of Town Portal |
| 13:34 | Knight |
| 13:34 | Knight |
| 14:05 | Priest Master Training |
| 14:06 | Priest |
| 14:08 | Spell Breaker |
| 14:08 | Spell Breaker |
| 14:28 | Scroll of Town Portal |
| 15:09 | Potion of Healing |
| 15:27 | Priest |
| 15:53 | Thunder Clap |
| 16:17 | Knight |
| 16:22 | Priest |
| 17:00 | Scroll of Regeneration |
| 17:12 | Storm Bolt |
| 17:20 | Knight |
| 17:24 | Priest |
| 17:24 | Priest |
| 18:00 | Knight |
| 18:21 | Summon Water Elemental |
| 18:30 | Spell Breaker |
| 18:44 | Knight |
| 19:07 | Farm |
| 19:22 | Animal War Training |
| 20:01 | Sorceress |
| 20:17 | Scroll of Town Portal |
| 20:33 | Iron Plating |
| 21:02 | Potion of Lesser Invulnerability |
| 21:14 | Farm |
| 21:24 | Sorceress |
| 21:24 | Sorceress |
| 21:24 | Sorceress |
| 22:09 | Spell Breaker |
| 23:02 | Spell Breaker |
| 23:05 | Brilliance Aura |
⇛